 Dungeon Crawl Stone Soup version 0.31-a0-162-gc4c5a43528 (webtiles) character file.

Game seed: 8833569743227236241

169 qw the Chopper (level 5, -2/32 HPs)
             Began as a Gargoyle Fighter on June 12, 2023.
             Slain by an ogre
             ... wielding a +0 giant spiked club
              (13 damage)
             ... on level 4 of the Dungeon.
             The game lasted 00:01:26 (2243 turns).

qw the Chopper (Gargoyle Fighter)                   Turns: 2243, Time: 00:01:26

Health: -2/32      AC: 15    Str: 21    XL:     5   Next: 50%
Magic:  5/5        EV:  8    Int:  9    God:
Gold:   217        SH:  7    Dex:  9    Spells: 4/4 levels left

rFire   x . .        Y - +0 war axe
rCold   + + .        m - +0 kite shield
rNeg    + . .        i - +0 ice dragon scales
rPois   inf          (no helmet)
rElec   +            f - +0 cloak
rCorr   .            (no gloves)
SInv    .            (no boots)
Will    .....        (no amulet) Stlth
                     (no ring)
HPRegen 0.25/turn    (no ring)
MPRegen 0.09/turn

%: no passive effects
@: no status effects
A: sickness immunity, AC +4, negative energy resistance 1, electricity
resistance, torment resistance 1, petrification resistance
a: no special abilities


You were on level 4 of the Dungeon.
You visited 1 branch of the dungeon, and saw 4 of its levels.

You collected 217 gold pieces.


Innate Abilities, Weirdness & Mutations

You are immune to sickness and miasma.
Your stone body is resilient. (AC +4)
You are immune to poison.
You resist negative energy. (rN+)
You are resistant to electric shocks. (rElec)
You are resistant to unholy torment.
You are immune to petrification.


   Skills:
 - Level 3.4 Fighting
 - Level 5.0 Axes
 - Level 3.2 Armour
 + Level 3.3 Shields


You had 4 spell levels left.
You didn't know any spells.
Your spell library was empty.

Inventory:

Hand Weapons
 j - a +2 hand axe of flaming
 Y - a +0 war axe (weapon)
Armour
 b - a +0 scale mail
 f - a +0 cloak (worn)
 i - +0 ice dragon scales (worn)
 m - a +0 kite shield (worn)
Scrolls
 h - a scroll of identify
Potions
 a - a potion of mutation {unknown}
 d - 2 potions of might
 e - 2 potions of resistance
 l - a potion of curing {unknown}
 n - a potion of magic {unknown}

Dungeon Overview and Level Annotations

Branches:
Dungeon (4/15)
 Temple: D:4-7

Altars:
Ashenzari
Dithmenos
Fedhas
Yredelemnul


Message History

2080 ||| DRINKING 2 grey potions.
It was a potion of berserk rage.
A red film seems to cover your vision as you go berserk!
You feel yourself moving faster!
You feel mighty!
You start waiting.
You feel a strong urge to attack something.
You feel your anger nearly subside.
You are no longer berserk.
You are exhausted.
You feel yourself slow down.
HP restored.
You start waiting.
You feel yourself speed up.
You recover from your berserk rage.
Done waiting.
2185 ||| DROPPING potion of berserk rage.
You drop a potion of berserk rage.
(D) Dungeon
Where to? (* - list waypoints, Enter - D:3, ? - help)
What level of the Dungeon? (default 1, ? - help)
There is a stone staircase leading down here.
You climb downwards.
There is a stone staircase leading up here.
A kobold is nearby!
Waypoint 3 assigned to D:4.
You closely miss the kobold. The kobold hits you but does no damage.
You barely miss the kobold. The kobold closely misses you.
You slash the kobold!
You kill the kobold!
You now have 217 gold pieces (gained 16).
An ogre comes into view. It is wielding a +0 giant spiked club.
The ogre shouts!
You slash the ogre!
The ogre is heavily wounded.
The ogre hits you with a +0 giant spiked club!!
Ouch! That really hurt!
You hit the ogre.
The ogre is severely wounded.
The ogre hits you with a +0 giant spiked club!
You die...

#.. #.# #..# #.#.#
#..# #.#.# #..#
#.#.# #..
#.#.##### #..
#####.#.....# #.#
............# #O#
#####.#.###.# #@#
.....)<.# #.# #.#
#.#####.###.####.#
#..........#
#####.###### #.#
#.# #.# #.#


You could see an ogre.

Vanquished Creatures
  An iguana (D:3)
  Natasha (D:3)
  3 adders
  4 worms
  5 dart slugs
  An orc (D:3)
  7 bats
  3 endoplasms
  3 giant cockroaches
  7 goblins
  5 hobgoblins
  10 jackals
  A quokka (D:1)
  5 ball pythons
  2 frilled lizards
  4 kobolds
  3 rats
65 creatures vanquished.

Notes
Turn   | Place    | Note
-------+----------+-------------------------------------------
     0 | D:1      | qw the Gargoyle Fighter began the quest for the Orb.
     0 | D:1      | Reached XP level 1. HP: 14/14 MP: 1/1
     0 | D:1      | 0 ||| qw: Version: 0.2-a-29-gc1b59c4
     0 | D:1      | 0 ||| qw: Game counter: 4330
     0 | D:1      | 0 ||| qw: Always use a shield: true
     0 | D:1      | 0 ||| qw: God list: Okawaru
     0 | D:1      | 0 ||| qw: Allow faded altars: false
     0 | D:1      | 0 ||| qw: Do Orc after D:15 true
     0 | D:1      | 0 ||| qw: Do second Lair branch before Depths: true
     0 | D:1      | 0 ||| qw: Lair rune preference: random
     0 | D:1      | 0 ||| qw: Plans: Normal, Zot:1-4, Slime:5, God:TSO, Crypt,
                  | Tomb, Abyss, Pan, Hells, Win
     0 | D:1      | 0 ||| PLANNING D:1-11
    20 | D:1      | 20 ||| Stepping ~*~*~tactically~*~*~ (water).
    42 | D:1      | Reached skill level 2 in Axes
    82 | D:1      | 82 ||| Stepping ~*~*~tactically~*~*~ (stealth).
    96 | D:1      | Reached XP level 2. HP: 16/19 MP: 2/2
   126 | D:1      | 126 ||| Stepping ~*~*~tactically~*~*~ (hiding).
   227 | D:1      | 227 ||| Stepping ~*~*~tactically~*~*~ (stealth).
   311 | D:1      | Reached skill level 3 in Axes
   318 | D:1      | 318 ||| Stepping ~*~*~tactically~*~*~ (stealth).
   325 | D:1      | Reached XP level 3. HP: 23/23 MP: 3/3
   496 | D:1      | 496 ||| DROPPING +0 club.
   523 | D:1      | 523 ||| UPGRADING to +0 ice dragon scales.
   533 | D:1      | 533 ||| READING scroll labelled SUSHROA ZINYWI.
   534 | D:1      | 534 ||| READING 2 scrolls labelled PICHOY BACONATZU.
   556 | D:2      | 556 ||| Stepping ~*~*~tactically~*~*~ (stealth).
   621 | D:2      | 621 ||| FLEEEEING.
   622 | D:2      | 622 ||| FLEEEEING.
   623 | D:2      | 623 ||| FLEEEEING.
   624 | D:2      | 624 ||| FLEEEEING.
   625 | D:2      | 625 ||| FLEEEEING.
   626 | D:2      | 626 ||| FLEEEEING.
   677 | D:2      | 677 ||| Stepping ~*~*~tactically~*~*~ (stealth).
   684 | D:2      | Reached XP level 4. HP: 26/28 MP: 4/4
   750 | D:2      | Reached skill level 4 in Axes
   845 | D:2      | 845 ||| Stepping ~*~*~tactically~*~*~ (stealth).
   848 | D:2      | 848 ||| Stepping ~*~*~tactically~*~*~ (stealth).
  1105 | D:2      | 1105 ||| UPGRADING to +0 cloak.
  1110 | D:2      | 1110 ||| READING scroll labelled SUJIHO ATTIGH.
  1111 | D:2      | 1111 ||| READING scroll labelled DONEWN XYWK.
  1112 | D:2      | 1112 ||| READING 2 scrolls of identify.
  1112 | D:2      | 1112 ||| IDENTIFYING orange potion
  1238 | D:3      | 1238 ||| Stepping ~*~*~tactically~*~*~ (stealth).
  1240 | D:3      | 1240 ||| Stepping ~*~*~tactically~*~*~ (hiding).
  1482 | D:3      | Found a faded altar of an unknown god.
  1486 | D:3      | Found a blossoming altar of Fedhas.
  1537 | D:3      | Reached XP level 5. HP: 22/32 MP: 5/5
  1628 | D:3      | Found a basalt altar of Yredelemnul.
  1698 | D:3      | Noticed Natasha
  1699 | D:3      | 1699 ||| Stepping ~*~*~tactically~*~*~ (hiding).
  1702 | D:3      | Killed Natasha
  1703 | D:3      | Reached skill level 5 in Axes
  1962 | D:3      | Found a broken altar of Ashenzari.
  1962 | D:3      | Found a shadowy altar of Dithmenos.
  2068 | D:3      | 2068 ||| UPGRADING to +0 kite shield.
  2078 | D:3      | 2078 ||| DROPPING +0 buckler.
  2079 | D:3      | 2079 ||| READING scroll labelled GOSHOTEALI.
  2080 | D:3      | 2080 ||| DRINKING 2 grey potions.
  2185 | D:3      | 2185 ||| DROPPING potion of berserk rage.
  2236 | D:4      | Noticed an ogre
  2243 | D:4      | Slain by an ogre

Levels and vault maps discovered:
D:1:      dpeg_arrival_castle, layout_rooms
D:2:      layout_rooms
D:3:      layout_loops_ring, mainiacjoe_overflow_chevrons,
          gammafunk_temple_overflow_wave, nicolae_overflow_ecumenical_swirl,
          uniq_natasha
D:4:      layout_loops_ring, st_stairs_10

Skill      XL: |  1  2  3  4  5 |
---------------+----------------+-----
Axes           | 2 3 4 5 |  5.0
Fighting       | |  3.4
Armour         | |  3.2
Shields        | |  3.3

Action                     |  1- 3 |  4- 6 || total
---------------------------+-------+-------++-------
  Melee: War axe           |    95 |   115 ||   210
    Use: Scroll            |     2 |     4 ||     6
         Potion            |       |     1 ||     1
 Armour: Scale mail        |    44 |       ||    44
         Ice dragon scales |    14 |    61 ||    75
  Dodge: Dodged            |    49 |    62 ||   111
  Block: Buckler           |    20 |    17 ||    37

Table legend:
 A = Non-vault XP
 B = Vault XP
 C = Vault XP percentage of total XP
 D = Non-vault monster count
 E = Vault monster count
 F = Vault count percentage of total count
                 A         B        C        D         E       F
            +---------+---------+-------+---------+---------+-------
      Total |     207 |      35 |  14.5 |      64 |       1 |   1.5
            +---------+---------+-------+---------+---------+-------
        D:1 |      36 |       0 |   0.0 |      20 |       0 |   0.0
        D:2 |      73 |       0 |   0.0 |      21 |       0 |   0.0
        D:3 |      97 |      35 |  26.5 |      22 |       1 |   4.3
        D:4 |       1 |       0 |   0.0 |       1 |       0 |   0.0
            +---------+---------+-------+---------+---------+-------
